 Dungeon Crawl Stone Soup version 0.22-a0-322-g60b3cfd (webtiles) character file.

192 JeffiDaFish the Changer (level 5, -1/41 HPs)
             Began as a Draconian Transmuter on Apr 4, 2018.
             Slain by an orc wizard
             ... wielding a +0 dagger
              (4 damage)
             ... on level 3 of the Dungeon.
             The game lasted 00:06:45 (4325 turns).

JeffiDaFish the Changer (Draconian Transmuter)      Turns: 4325, Time: 00:06:46

Health: -1/41      AC:  2    Str: 10 (12) XL:     5   Next: 42%
Magic:  7/10       EV: 20    Int: 13 (15) God:
Gold:   143        SH:  0    Dex: 15 (16) Spells: 4/10 levels left

rFire    . . .     SeeInvis .     - Unarmed
rCold    . . .     Gourm    .   (shield currently unavailable)
rNeg     . . .     Faith    .   (armour unavailable)
rPois    x         Spirit   .   (helmet currently unavailable)
rElec    .         Reflect  .   (cloak currently unavailable)
rCorr    .         Harm     .   (gloves currently unavailable)
MR       .....                  (boots currently unavailable)
Stlth    +.........             (no amulet)
HPRegen  0.13/turn              (no ring)
MPRegen  0.12/turn              (no ring)

@: spider-form
A: tiny, unfitting armour, AC +5
a: End Transformation


You were on level 3 of the Dungeon.
You were not hungry.
You were a venomous arachnid creature.
You visited 1 branch of the dungeon, and saw 3 of its levels.

You collected 143 gold pieces.

Inventory:

Hand Weapons
 d - a +0 short sword (melded)
Missiles
 a - 46 arrows
Armour
 f - a +0 pair of boots (melded)
Wands
 h - a wand of iceblast (12)
Scrolls
 g - 3 scrolls of identify
 i - a scroll of remove curse
 k - a scroll of magic mapping {unknown}
Potions
 b - a potion of flight
 e - 3 potions of heal wounds
 j - a potion of might
Comestibles
 c - 6 rations
 l - 7 chunks of flesh


   Skills:
 + Level 2.1 Fighting
 + Level 2.4 Dodging
 - Level 3.3 Unarmed Combat
 * Level 3.3 Spellcasting
 * Level 3.4 Transmutations
 + Level 1.1 Poison Magic


You had 4 spell levels left.
You knew the following spells:

 Your Spells              Type           Power        Failure   Level  Hunger
a - Beastly Appendage     Tmut           ##....       16%         1    #......
b - Sticks to Snakes      Tmut           ##......     22%         2    ##.....
c - Spider Form           Tmut/Pois      #.........   47%         3    ###....


Dungeon Overview and Level Annotations

Branches:
Dungeon (3/15)

Altars:
Makhleb


Innate Abilities, Weirdness & Mutations

((Your plain brown scales are hard. (AC +5)))
You cannot fit into any form of body armour.
((You are cold-blooded and may be slowed by cold attacks.))


Message History

You closely miss something.
Your horns disappear.
Something hits you.
You miss something. Something hits you. Something hits you but does no damage.
You hit something.
Your tail-slap misses something.
Something hits you but does no damage. Something hits you.
You miss something. Something hits you.
You hear some strange, mumbled words.
A puff of frost appears from out of thin air!
The puff of frost hits you!
* * * LOW HITPOINT WARNING * * *
Casting: Beastly Appendage (safe; 5% risk of failure)
Confirm with . or Enter, or press ? or * to list all spells.
You turn into a venomous arachnid creature.
Your +0 short sword melds into your body.
Your +0 pair of boots melds into your body.
Something closely misses you.
You closely miss something. Something hits you but does no damage.
Something hits you.
You die...

#####.# #......
######......
#....#......
#.##.#...... #.##.#
..... #.##.#####.#
..###########.##....##..
....oo{s......#####.##.#
..###########..........#
#...........
#..........#
#..........#
#.........)#
######.....>.....
#.......^........
#.<.....######...


You could see 2 orcs.

Vanquished Creatures
  An iron imp (D:2)
  5 adders (D:2)
  A shadow imp (D:2)
  2 oozes
  2 worms (D:2)
  3 dart slugs
  2 leopard geckos
  2 orcs (D:3)
  A ball python (D:2)
  8 bats
  2 giant cockroaches (D:3)
  9 goblins
  5 hobgoblins
  4 jackals (D:1)
  2 quokkas
  4 frilled lizards
  10 kobolds
  8 rats
71 creatures vanquished.

Vanquished Creatures (collateral kills)
  An orc wizard (D:3)
  An orc (D:3)
  A kobold (D:3)
  A frilled lizard (D:3)
  A rat (D:3)
5 creatures vanquished.

Grand Total: 76 creatures vanquished

Notes
Turn   | Place    | Note
-------+----------+-------------------------------------------
     0 | D:1      | JeffiDaFish the Draconian Transmuter began the quest for the Orb.
     0 | D:1      | Reached XP level 1. HP: 16/16 MP: 3/3
    66 | D:1      | Reached XP level 2. HP: 21/23 MP: 5/5
    84 | D:1      | Learned a level 2 spell: Sticks to Snakes
   724 | D:1      | Reached XP level 3. HP: 22/28 MP: 4/6
  1103 | D:2      | Learned a level 3 spell: Spider Form
  1821 | D:2      | Found a faded altar of an unknown god.
  2221 | D:2      | Reached XP level 4. HP: 28/36 MP: 8/8
  2931 | D:2      | Found a burning altar of Makhleb.
  3284 | D:2      | Reached XP level 5. HP: 22/41 MP: 9/9
  4036 | D:3      | Reached skill level 1 in Poison Magic
  4325 | D:3      | Slain by an orc wizard

Vault maps used:
D:1:      dpeg_arrival_boxes_within_box
D:2:      makhleb_grotto_becter, chequers_ecumenical_altar_simple
D:3:      st_stairs_8

Skill      XL: |  1  2  3  4  5 |
---------------+----------------+-----
Dodging        | 2 |  2.4
Transmutations | 3 |  3.4
Fighting       | 2 |  2.1
Spellcasting   | 3 |  3.3
Poison Magic   | 1 |  1.1
Unarmed Combat | |  3.3

Action                   |  1- 3 |  4- 6 || total
-------------------------+-------+-------++-------
Melee: Unarmed           |    38 |     4 ||    42
       Kick              |     5 |       ||     5
       Tailslap          |    15 |     9 ||    24
       Short sword       |    94 |   147 ||   241
       Headbutt          |    11 |     8 ||    19
       Punch             |       |     2 ||     2
 Cast: Beastly Appendage |    17 |    19 ||    36
       Sticks to Snakes  |       |     6 ||     6
       Spider Form       |       |     3 ||     3
  Use: Potion            |     7 |     1 ||     8
       Scroll            |     4 |     1 ||     5
  Eat: Chunk             |     4 |     5 ||     9
       Ration            |       |     1 ||     1
Armor: Skin              |    36 |    66 ||   102
Dodge: Dodged            |   100 |   109 ||   209

Table legend:
 A = Spawn XP
 B = Non-spawn XP
 C = Spawn XP percentage of total XP
 D = Spawn monster count
 E = Non-spawn monster count
 F = Spawn count percentage of total count
 G = Total turns spent on level
                    A         B        C        D         E        F      G
               +---------+---------+-------+---------+---------+-------+---------
         Total |       0 |     275 |   0.0 |       0 |      76 |   0.0 |  4325
               +---------+---------+-------+---------+---------+-------+---------
           D:1 |       0 |      48 |   0.0 |       0 |      25 |   0.0 |  1098
           D:2 |       0 |     175 |   0.0 |       0 |      31 |   0.0 |  2709
           D:3 |       0 |      52 |   0.0 |       0 |      20 |   0.0 |   518
               +---------+---------+-------+---------+---------+-------+---------
